 Dungeon Crawl Stone Soup version 0.32-a0-314-g526f7d4 (webtiles) character file.

Game seed: 3923387669924792682

5130 Anonymous1 the Grappler (level 10, -1/80 HPs)
             Began as a Ghoul Monk on Feb 15, 2024.
             Was a Follower of Ru.
             Incinerated by a deep elf pyromancer (9 damage)
             ... with a pyre arrow
             ... on level 8 of the Dungeon.
             The game lasted 00:17:17 (7462 turns).

Anonymous1 the Grappler (Ghoul Monk)                Turns: 7462, Time: 00:17:17

Health: -1/80      AC: 13    Str: 24    XL:     10   Next: 58%
Magic:  10/10      EV: 10    Int:  7    God:    Ru [*.....]
Gold:   486        SH: 14    Dex: 16    Spells: 9/9 levels left

rFire   . .          .
                       - Unarmed
rCold   + . .        H - +0 kite shield "Gaituse" {rN++ Int-2}
rNeg    + + +        C - +0 scale mail "Iveufus" {Str+4 Dex+5}
rPois   ∞            m - +1 hat
rElec   .            j - +0 cloak
rCorr   .            (no gloves)
SInv    .            (no boots)
Will    +....        I - amulet of reflection Stlth
                     B - +4 ring of protection
HPRegen 0.00/turn    v - ring of willpower
MPRegen 0.12/turn

%: reflection
@: on fire, inhibited regen, glowing
A: claws 1, cold resistance 1, negative energy resistance 3, inhibited
regeneration, torment resistance 2, no earth magic, no alchemy magic, no
translocations magic, devour on kill
a: Renounce Religion


You were on level 8 of the Dungeon.
You worshipped Ru.
Ru was aware of your devotion.
You visited 2 branches of the dungeon, and saw 10 of its levels.

You collected 486 gold pieces.

Inventory:

Missiles
 d - 6 javelins
 o - 6 boomerangs (quivered)
 u - 6 atropa-tipped darts
 D - 2 throwing nets
Armour
 j - a +0 cloak (worn)
 m - a +1 hat (worn)
 p - a +0 pair of gloves
 C - the +0 scale mail "Iveufus" (worn) {Str+4 Dex+5}
   (You found it on level 5 of the Dungeon)

   Str+4:     It affects your strength (+4).
   Dex+5:     It affects your dexterity (+5).
 H - the +0 kite shield "Gaituse" (worn) {rN++ Int-2}
   (You found it on level 6 of the Dungeon)

   Int-2:     It affects your intelligence (-2).
   rN++:      It greatly protects you from negative energy.
Jewellery
 f - an amulet of regeneration
 h - an amulet of the acrobat
 t - the ring of Womar {rCorr Str-4 Int+2 Slay+2}
   (You took it off a gnoll on level 5 of the Dungeon)

   [ring of resist corrosion]

   Str-4:     It affects your strength (-4).
   Int+2:     It affects your intelligence (+2).
   Slay+2:    It affects your accuracy & damage with ranged weapons and melee
   (+2).
   rCorr:     It protects you from acid and corrosion.
 v - a ring of willpower (right claw)
 B - a +4 ring of protection (left claw)
 I - an amulet of reflection (around neck)
Wands
 n - a wand of charming (2)
 z - a wand of light (8)
 F - a wand of flame (52)
Scrolls
 e - a scroll of revelation
 g - 2 scrolls of enchant armour
 q - a scroll of immolation
 r - 3 scrolls of teleportation
 s - a scroll of enchant weapon
 w - a scroll of noise
 x - a scroll of fog
 y - a scroll of poison {unknown}
 A - a scroll of blinking {unknown}
 E - 2 scrolls of vulnerability {unknown}
Potions
 a - a potion of curing
 b - 3 potions of ambrosia
 c - a potion of enlightenment
 i - a potion of magic
 k - 2 potions of attraction
 l - a potion of resistance
 G - a potion of heal wounds {unknown}
Miscellaneous
 J - a box of beasts


   Skills:
 + Level 4.8 Fighting
 * Level 4.5 Throwing
 + Level 4.6 Armour
 - Level 2.6 Dodging
 + Level 2.9 Shields
 * Level 13.9 Unarmed Combat


You had 9 spell levels left.
You didn't know any spells.
Your spell library contained the following spells:

 Spells                   Type           Power      Damage    Failure   Level
 Jinxbite                 Hex            0%         N/A       98%         2
 Scorch                   Fire           0%         2d5       98%         2
 Dazzling Flash           Conj/Hex       0%         N/A       100%        3
 Inner Flame              Hex/Fire       0%         N/A       100%        3
 Flame Wave               Conj/Fire      0%         2d4       100%        4
 Curse of Agony           Necr           0%         N/A       100%        5
 Freezing Cloud           Conj/Ice/Air   0%         6-21      100%        5
 Silence                  Hex/Air        0%         N/A       100%        5
 Summon Mana Viper        Hex/Summ       0%         N/A       100%        5
 Summon Cactus Giant      Summ           0%         N/A       100%        6
 Enfeeble                 Hex            0%         N/A       100%        7
 Ignition                 Fire           0%         3d3       100%        8
 Mercury Vapours          Alch/Air       Unusable   N/A       N/A         2
 Mephitic Cloud           Conj/Alch/Air  Unusable   N/A       N/A         3
 Passage of Golubria      Tloc           Unusable   N/A       N/A         4
 Irradiate                Conj/Alch      Unusable   3d11      N/A         5
 Summon Forest            Summ/Tloc      Unusable   N/A       N/A         5
 Yara's Violent Unravell  Hex/Alch       Unusable   3d3       N/A         5
 Lehudib's Crystal Spear  Conj/Erth      Unusable   10d2      N/A         8

Dungeon Overview and Level Annotations

Branches:
Dungeon (9/15)             Temple (1/1) D:6            Lair (0/5) D:8
    Orc: D:9-12

Altars:
Ashenzari
Cheibriados
Dithmenos
Fedhas
Gozag
Nemelex Xobeh
Okawaru
Ru
Trog
Uskayaw
Vehumet
Wu Jian
Xom
Yredelemnul

Annotations:
D:3 2 runed translucent doors, Caerwyn's ghost, amateur MDFi
D:7 2 transporters, Dawnplanks's ghost, novice MDFi; Jeremiah


Innate Abilities, Weirdness & Mutations

You are immune to poison.
You have sharp fingernails.
Your flesh is cold resistant. (rC+)
You are immune to negative energy. (rN+++)
You do not regenerate when monsters are visible.
You are immune to unholy pain and torment.
You cannot study or cast Earth magic.
You cannot study or cast Alchemy magic.
You cannot study or cast Translocations magic.
You thrive by killing the living.


Message History

The deep elf pyromancer casts a spell at you.
The pyre arrow hits you.
You are covered in intense liquid fire!
You shake off some of the fire as you move.
The liquid fire burns you!
The deep elf pyromancer hits you but does no damage.
You mangle the deep elf pyromancer!!
The deep elf pyromancer is heavily wounded.
The liquid fire burns you!
You claw the deep elf pyromancer!
The deep elf pyromancer is severely wounded.
The liquid fire burns you!
You block the deep elf pyromancer's attack.
You scratch the deep elf pyromancer.
The deep elf pyromancer is severely wounded.
The liquid fire burns you!
The deep elf pyromancer hits you but does no damage.
You closely miss the deep elf pyromancer.
The deep elf pyromancer is severely wounded.
The liquid fire burns you!
The deep elf pyromancer begins to cast a spell, but is stunned by your conviction!
You scratch the deep elf pyromancer.
The deep elf pyromancer is severely wounded.
The liquid fire burns you!
The deep elf pyromancer hits you but does no damage.
You miss the deep elf pyromancer.
The deep elf pyromancer is severely wounded.
The liquid fire burns you!
* * * LOW HITPOINT WARNING * * *
You barely miss the deep elf pyromancer.
The deep elf pyromancer is severely wounded.
The liquid fire burns you!
* * * LOW HITPOINT WARNING * * *
The deep elf pyromancer hits you with a +0 rapier.
* * * LOW HITPOINT WARNING * * *
You claw the deep elf pyromancer!
The deep elf pyromancer is almost dead.
The liquid fire burns you!
You die...
Ru respects your ultimate sacrifice.

### ###
####..####.#
#........#.#
#.[......#.#
#.....>..$.##
.............###
######..@.##...##
##.e.####..##
#...#...#..###
#....○.......## #
##............## #
#..........§..####
#...........#...##
#
##..........##...#
####
#...........####..


You could see a deep elf pyromancer.

Vanquished Creatures
  A deep elf zephyrmancer (D:8)
  2 orc sorcerers (D:8)
  2 yaks (D:8)
  A wyvern (D:8)
  Menkaure (D:6)
  4 steam dragons
  A water moccasin (D:8)
  Duvessa (D:6)
  2 black bears
  3 sky beasts (D:7)
  2 orc warriors
  An ice beast (D:5)
  A laughing skull (D:8)
  2 phantoms
  3 bullfrogs
  3 kobold brigands
  2 scorpions
  Dowan (D:6)
  A killer bee (D:8)
  3 howler monkeys (D:7)
  2 hounds
  A bombardier beetle (D:3)
  3 jellies
  Crazy Yiuf (D:2)
  2 orc priests
  A sleepcap (D:6)
  A gnoll bouda (D:5)
  4 iguanas
  An orc wizard (D:8)
  11 gnolls (D:5)
  13 adders
  A shadow imp (D:6)
  A white imp (D:8)
  4 dart slugs
  A ribbon worm (D:2)
  27 orcs
  5 ball pythons
  6 endoplasms
  6 goblins
  6 hobgoblins
  5 quokkas
  2 bats
  2 frilled lizards
  10 kobolds
  4 rats
157 creatures vanquished.

Notes
Turn   | Place    | Note
-------+----------+-------------------------------------------
     0 | D:1      | Anonymous1 the Ghoul Monk began the quest for the Orb.
     0 | D:1      | Reached XP level 1. HP: 19/19 MP: 1/1
    75 | D:1      | Reached XP level 2. HP: 24/26 MP: 2/2
   174 | D:1      | Reached skill level 4 in Unarmed Combat
   275 | D:1      | Got Sif Muna's Enchiridion on Incendiary Adjuration
   335 | D:1      | Reached XP level 3. HP: 33/33 MP: 3/3
   578 | D:1      | Found a faded altar of an unknown god.
   578 | D:1      | Noticed a tormentor
   734 | D:2      | Found a runed translucent door.
   735 | D:2      | Noticed Crazy Yiuf
   752 | D:2      | Killed Crazy Yiuf
   753 | D:2      | Reached XP level 4. HP: 25/40 MP: 4/4
   900 | D:2      | Reached skill level 5 in Unarmed Combat
  1304 | D:3      | Reached XP level 5. HP: 42/46 MP: 5/5
  1376 | D:3      | Reached skill level 6 in Unarmed Combat
  1474 | D:3      | Found a runed translucent door.
  1477 | D:3      | Noticed Caerwyn's ghost (amateur MDFi)
  1574 | D:3      | Found a runed translucent door.
  1594 | D:3      | Found an opulent altar of Gozag.
  1745 | D:3      | Reached XP level 6. HP: 52/52 MP: 6/6
  2045 | D:3      | Reached skill level 1 in Armour
  2601 | D:4      | Found a sparkling altar of Nemelex Xobeh.
  2825 | D:5      | Entered Level 5 of the Dungeon
  2949 | D:5      | Reached skill level 7 in Unarmed Combat
  3030 | D:5      | Reached skill level 1 in Throwing
  3051 | D:5      | Noticed a black bear
  3057 | D:5      | Killed a black bear
  3058 | D:5      | Reached XP level 7. HP: 59/59 MP: 7/7
  3287 | D:5      | Reached skill level 8 in Unarmed Combat
  3346 | D:5      | Identified the +0 scale mail "Iveufus" {Str+4 Dex+5}
  3413 | D:5      | Identified the ring of Womar {rCorr Str-4 Int+2 Slay+2}
  3921 | D:6      | Reached XP level 8. HP: 67/67 MP: 8/8
  4033 | D:6      | Reached skill level 9 in Unarmed Combat
  4115 | D:6      | Noticed Duvessa
  4141 | D:6      | Killed Duvessa
  4169 | D:6      | Noticed Dowan
  4178 | D:6      | Killed Dowan
  4290 | D:6      | Noticed Menkaure
  4304 | D:6      | Killed Menkaure
  4305 | D:6      | Reached skill level 10 in Unarmed Combat
  4342 | D:6      | Found a staircase to the Ecumenical Temple.
  4352 | Temple   | Entered the Ecumenical Temple
  4362 | Temple   | Became a worshipper of Ru the Awakened
  4365 | Temple   | Gained mutation: You cannot study or cast Earth magic. [Ru
                  | sacrifice]
  4365 | Temple   | Gained mutation: You cannot study or cast Alchemy magic.
                  | [Ru sacrifice]
  4365 | Temple   | Gained mutation: You cannot study or cast Translocations
                  | magic. [Ru sacrifice]
  4365 | Temple   | Reached * piety under Ru
  4439 | D:6      | Identified the +0 kite shield "Gaituse" {rN++ Int-2}
  4460 | D:6      | Found an ornate altar of the Wu Jian Council.
  4926 | D:7      | Reached XP level 9. HP: 68/72 MP: 9/9
  4958 | D:7      | Found a bloodstained altar of Trog.
  4962 | D:7      | Found a transporter.
  4973 | D:7      | Found a transporter.
  4988 | D:7      | Noticed Dawnplanks's ghost (novice MDFi)
  5104 | D:7      | Noticed Jeremiah
  5291 | D:7      | Reached skill level 11 in Unarmed Combat
  5613 | D:7      | Reached skill level 1 in Shields
  5981 | D:8      | Found a staircase to the Lair.
  6049 | D:8      | Reached skill level 12 in Unarmed Combat
  6405 | D:8      | Reached XP level 10. HP: 80/80 MP: 10/10
  6416 | D:8      | Noticed an orc sorcerer
  6418 | D:8      | Noticed a deep elf zephyrmancer
  6428 | D:8      | Killed an orc sorcerer
  6429 | D:8      | Reached skill level 13 in Unarmed Combat
  6444 | D:8      | Killed a deep elf zephyrmancer
  6446 | D:8      | Noticed a deep elf pyromancer
  6905 | D:8      | Noticed an orc sorcerer
  6923 | D:8      | Killed an orc sorcerer
  7462 | D:8      | Incinerated by a deep elf pyromancer

Illustrated notes

Levels and vault maps discovered:
D:1:      nzn_arrival_water_spiral, layout_basic,
          dreamdust_ecumenical_altar_sealed_demon
D:2:      layout_rooms, chequers_mini_garden, uniq_crazy_yiuf_cottage
D:3:      layout_basic, nicolae_gozag_cash_rules_everything_around_me,
          ebering_ghost_sewer_f
D:4:      layout_rooms, nemelex_altar_shiori, chequers_serial_rivers_micro_d
D:5:      layout_gridville, nicolae_overflow_hidden_temple,
          nicolae_tso_swordbearing_angel, lemuel_doored_altar
D:6:      layout_loops_ring, nzn_wu_jian_contemplation, temple_fountains,
          blue_anna_alchemist, minmay_statues_item, uniq_menkaure, uniq_duvessa
D:7:      layout_loops_corners, lemuel_coloured_pillars_altar, bloody_trog,
          gammafunk_ghost_stat_death, hangedman_misty_isle, uniq_jeremiah
D:8:      minmay_the_grid_plus_closed [minmay_the_grid_square_x,
          minmay_the_grid_doors, minmay_the_grid_odd_star,
          minmay_the_grid_tri_star, minmay_the_grid_prize_diamond_cup],
          layout_cave_pods
D:9:      lemuel_bear_cage, layout_cave_pods,
          mainiacjoe_overflow_six_doors_small, statue_in_the_mist_lemuel,
          minmay_protected_statue, uniq_erolcha
Temple:   eino_temple_lava

Skill      XL: |  1  2  3  4  5  6  7  8  9 10 |
---------------+-------------------------------+-----
Unarmed Combat | 4 5 6 7 8 10 12 13 | 13.9
Fighting       | 4 |  4.8
Armour         | 1 2 3 4 |  4.6
Throwing       | 1 2 3 4 |  4.5
Shields        | 2 |  2.9
Dodging        | |  2.6

Action                     |  1- 3 |  4- 6 |  7- 9 | 10-12 || total
---------------------------+-------+-------+-------+-------++-------
  Melee: Unarmed           |    39 |   137 |   240 |   105 ||   521
  Throw: Boomerang         |       |    16 |    11 |     2 ||    29
 Invoke: Sacrifice Arcana  |       |       |     1 |       ||     1
         Reject Sacrifices |       |       |       |     1 ||     1
  Evoke: Wand              |       |       |     2 |       ||     2
    Use: Scroll            |     1 |     8 |     4 |       ||    13
         Potion            |       |       |     4 |       ||     4
   Stab: Distracted        |       |       |       |     1 ||     1
 Armour: Ring mail         |    21 |    63 |    25 |       ||   109
         Scale mail        |       |       |   104 |    49 ||   153
  Dodge: Dodged            |    22 |    51 |    79 |    21 ||   173
  Block: Kite shield       |       |       |    48 |    39 ||    87
         Reflection        |       |       |       |     5 ||     5

Table legend: (Time is in decaauts)
 A = Elapsed time spent in this place.
 B = Non-inter-level travel time spent in this place.
 C = Inter-level travel time spent in this place.
 D = Time resting spent in this place.
 E = Time spent auto-exploring this place.
 F = Levels seen in this place.
 G = Mean time per level.
                   A        B        C        D        E       F      G
               +--------+--------+--------+--------+--------+-----+--------+
         Total |   7411 |   7159 |    252 |    613 |   4950 |  10 |  741.1 |
       Dungeon |   7390 |   7138 |    252 |    613 |   4950 |   9 |  821.1 |
        Temple |     20 |     20 |      0 |      0 |      0 |   1 |   20.0 |
               +--------+--------+--------+--------+--------+-----+--------+

Top non-repeatable levels by time:
     D:8: 1471 daAuts
     D:7: 1239 daAuts
     D:5: 1010 daAuts
     D:3: 999 daAuts
     D:6: 753 daAuts
     D:1: 681 daAuts
     D:4: 596 daAuts
     D:2: 591 daAuts
     D:9: 47 daAuts
  Temple: 20 daAuts
